 Dungeon Crawl Stone Soup version 0.24-a0-479-g9a978d2 (webtiles) character file.

Game seed: 9942895653834113552

170 robbits the Shield-Bearer (level 5, -3/42 HPs)
             Began as a Formicid Fighter on July 8, 2019.
             Slain by a gnoll
             ... wielding a cursed -3 halberd
              (11 damage)
             ... on level 3 of the Dungeon.
             The game lasted 00:02:33 (2596 turns).

robbits the Shield-Bearer (Formicid Fighter)        Turns: 2596, Time: 00:02:34

Health: -3/42      AC:  8    Str: 21    XL:     5   Next: 80%
Magic:  5/5        EV:  8    Int:  8    God:
Gold:   102        SH: 10    Dex: 10    Spells: 4/4 levels left

rFire    . . .     SeeInvis +   a - +0 war axe
rCold    . . .     Gourm    .   c - +0 shield
rNeg     . . .     Faith    .   b - +0 scale mail
rPois    .         Spirit   .   (helmet unavailable)
rElec    .         Reflect  .   (no cloak)
rCorr    .         Harm     .   (no gloves)
MR       .....                  i - +0 pair of boots
Stlth    ..........             (no amulet)
HPRegen  0.14/turn              (no ring)
MPRegen  0.09/turn              (no ring)

@: glowing
A: permanent stasis, dig shafts and tunnels, four strong arms, antennae 3
a: Dig, Shaft Self


You were on level 3 of the Dungeon.
You were not hungry.

You visited 1 branch of the dungeon, and saw 3 of its levels.

You collected 102 gold pieces.

Inventory:

Hand Weapons
 a - a +0 war axe (weapon)
Missiles
 l - 5 poisoned darts (quivered)
Armour
 b - a +0 scale mail (worn)
 c - a +0 shield (worn)
 i - a +0 pair of boots (worn)
Scrolls
 e - 2 scrolls of remove curse
 g - 5 scrolls of teleportation
 j - a scroll of identify
 k - a scroll of immolation {unknown}
 m - a scroll of magic mapping {unknown}
 n - a scroll of blinking {unknown}
 o - a scroll of enchant weapon {unknown}
Potions
 d - a potion of might
 h - 3 potions of curing
 p - a potion of heal wounds {unknown}
Comestibles
 f - 5 rations
 q - 2 chunks of flesh


   Skills:
 + Level 4.0 Fighting
 * Level 3.5 Axes
 + Level 3.9 Armour
 * Level 5.1 Shields


You had 4 spell levels left.
You didn't know any spells.
Your spell library was empty.

Dungeon Overview and Level Annotations

Branches:
Dungeon (3/15)

Altars:
Elyvilon


Innate Abilities, Weirdness & Mutations

You cannot be hasted, slowed, berserked, paralysed or teleported.
You can dig through walls and to a lower floor.
Your four strong arms can wield two-handed weapons with a shield.
You have a pair of large antennae on your head. (SInv)


Message History

Unknown command.
There are monsters nearby!
You are too injured to fight recklessly!
Unknown command.
There are monsters nearby!
Unknown command.
There are monsters nearby!
You are too injured to fight recklessly!
Your shield and scale mail prevent you from hitting the gnoll.
The gnoll is severely wounded.
You slash the gnoll shaman!
You kill the gnoll shaman!
Your Shields skill increases to level 5!
You block the gnoll's attack. The gnoll barely misses you. The gnoll hits you.
You barely miss the gnoll.
The gnoll is severely wounded.
The gnoll hits you.
* * * LOW HITPOINT WARNING * * *
The gnoll hits you from afar with a cursed -3 halberd!
You die...

{{ { {{ {{ {
############'#
{+....'@.g....#
#....#)g.....#
#....#.......#
#####''''#########
................
≈≈≈≈≈....≈≈≈≈≈≈≈
≈≈≈≈≈≈≈....≈≈≈≈≈≈≈
≈≈≈≈≈≈....≈≈≈≈≈≈≈
.................


You could see 2 gnolls.

Vanquished Creatures
  An orc wizard (D:3)
  A gnoll shaman (D:3)
  Natasha (D:3)
  3 gnolls
  An adder (D:2)
  An ooze (D:1)
  A worm (D:2)
  A dart slug (D:1)
  2 leopard geckos (D:1)
  A giant cockroach (D:2)
  4 goblins
  7 hobgoblins
  4 jackals (D:3)
  5 kobolds
  2 ball pythons
  5 bats
  2 frilled lizards
  5 rats
47 creatures vanquished.

Notes
Turn   | Place    | Note
-------+----------+-------------------------------------------
     0 | D:1      | robbits the Formicid Fighter began the quest for the Orb.
     0 | D:1      | Reached XP level 1. HP: 18/18 MP: 1/1
    43 | D:1      | Reached XP level 2. HP: 11/24 MP: 2/2
   323 | D:1      | Reached skill level 4 in Shields
   374 | D:1      | Reached XP level 3. HP: 29/29 MP: 3/3
   917 | D:2      | Found a white marble altar of Elyvilon.
  1045 | D:2      | Reached XP level 4. HP: 37/37 MP: 4/4
  1835 | D:3      | Noticed an orc warrior
  2216 | D:3      | Noticed Natasha
  2227 | D:3      | Killed Natasha
  2227 | D:3      | Reached XP level 5. HP: 17/42 MP: 5/5
  2595 | D:3      | Reached skill level 5 in Shields
  2596 | D:3      | Slain by a gnoll

Levels and vault maps discovered:
D:1:      lightli_arrival_isolated_outpost, layout_basic
D:2:      layout_basic, elyvilon_altar_4, grunt_ministairs_15,
          chequers_big_river
D:3:      lemuel_castle_with_subvaults [lemuel_castle_interior_carwin_3],
          layout_basic, uniq_terence, uniq_natasha, uniq_sigmund

Skill      XL: |  1  2  3  4  5 |
---------------+----------------+-----
Shields        | 4 5 |  5.1
Axes           | 3 |  3.5
Fighting       | 4 |  4.0
Armour         | |  3.9

Action                   |  1- 3 |  4- 6 || total
-------------------------+-------+-------++-------
Melee: War axe           |    74 |    82 ||   156
  Use: Scroll            |     1 |     2 ||     3
  Eat: Chunk             |       |     2 ||     2
       Ration            |       |     1 ||     1
Armor: Scale mail        |    32 |    42 ||    74
Dodge: Dodged            |    29 |    40 ||    69
Block: Shield            |    42 |    50 ||    92

Table legend:
 A = Non-vault XP
 B = Vault XP
 C = Vault XP percentage of total XP
 D = Non-vault monster count
 E = Vault monster count
 F = Vault count percentage of total count
                 A         B        C        D         E       F
            +---------+---------+-------+---------+---------+-------
      Total |     133 |     111 |  45.5 |      37 |      10 |  21.3
            +---------+---------+-------+---------+---------+-------
        D:1 |      51 |       0 |   0.0 |      17 |       0 |   0.0
        D:2 |      32 |       3 |   8.6 |      12 |       2 |  14.3
        D:3 |      50 |     108 |  68.4 |       8 |       8 |  50.0
            +---------+---------+-------+---------+---------+-------
